 Dungeon Crawl Stone Soup version 0.26-b1-32-g5d43845318 (webtiles) character file.

Game seed: 9504101215031559562

828 Borgoz the Skirmisher (level 7, 0/61 HPs)
             Began as a Ghoul Gladiator on Jan 13, 2021.
             Slain by an orc
             ... wielding a +2 mace of holy wrath
              (3 damage)
             ... on level 4 of the Dungeon.
             The game lasted 00:04:41 (3898 turns).

Borgoz the Skirmisher (Ghoul Gladiator)             Turns: 3898, Time: 00:04:42

Health: 0/61       AC:  4    Str: 19    XL:     7   Next: 97%
Magic:  0/6        EV: 13    Int:  3    God:
Gold:   183        SH:  0    Dex: 11    Spells: 6/6 levels left

rFire    . . .     SeeInvis .   h - +0 flail (vorpal)
rCold    + . .     Faith    .   (no shield)
rNeg     + + +     Spirit   +   b - +0 leather armour
rPois    ∞         Reflect  .   c - +0 helmet
rElec    .         Harm     .   (no cloak)
rCorr    .         Rampage  .   (no gloves)
Will     .....                  (no boots)
Stlth    +.........             a - amulet of guardian spirit
HPRegen  0.00/turn              (no ring)
MPRegen  0.10/turn              (no ring)

@: no status effects
A: claws 1, cold resistance 1, negative energy resistance 3, inhibited
regeneration, torment resistance, unbreathing
a: no special abilities


You were on level 4 of the Dungeon.
You visited 1 branch of the dungeon, and saw 4 of its levels.

You collected 183 gold pieces.

Inventory:

Hand Weapons
 h - a +0 vorpal flail (weapon)
Missiles
 d - a throwing net (quivered)
Armour
 b - a +0 leather armour (worn)
 c - a +0 helmet (worn)
Jewellery
 a - an amulet of guardian spirit (around neck)
 g - an uncursed ring of protection from fire
 r - an uncursed amulet of regeneration
Wands
 p - a wand of digging (6)
Scrolls
 j - a scroll of enchant weapon
 k - 5 scrolls of identify
 l - 4 scrolls of remove curse
 n - 2 scrolls of fog
Potions
 e - a potion of lignification {unknown}
 f - 2 potions of brilliance


   Skills:
 * Level 5.1 Fighting
 * Level 4.7 Maces & Flails
 - Level 1.7 Throwing
 * Level 3.7 Armour
 * Level 4.7 Dodging


You had 6 spell levels left.
You didn't know any spells.
Your spell library was empty.

Dungeon Overview and Level Annotations

Branches:
Dungeon (4/15)
 Temple: D:4-7

Altars:
Cheibriados
Elyvilon
Qazlal
Vehumet


Innate Abilities, Weirdness & Mutations

You thrive by killing the living.
You are immune to poison.
You have sharp fingernails.
Your flesh is cold resistant. (rC+)
You are immune to negative energy. (rN+++)
You do not regenerate when monsters are visible.
You are immune to unholy pain and torment.
You can survive without breathing.


Message History

You are too injured to fight recklessly!
The orc hits you with a +0 mace. The orc hits you with a +0 war axe.
* * * LOW HITPOINT WARNING * * *
The quokka bites you.
* * * LOW HITPOINT WARNING * * *
You see here 6 gold pieces.
The orc misses you.
You closely miss the orc. The orc barely misses you.
You closely miss the orc.
The orc hits you with a +2 mace of holy wrath.
* * * LOW HITPOINT WARNING * * *
You convulse.
* * * LOW HITPOINT WARNING * * *
You hit the orc.
The orc is severely wounded.
The orc hits you with a +2 mace of holy wrath.
* * * LOW HITPOINT WARNING * * *
You convulse.
You die...

# #....._.. #......#
#..#####...#...# ......#
#.....#..###.## ......?
#######.....#...# .......
................. .....#
.................
....####
####.............
#)...#######.##..........
#....roo@................
#..$.o####...............
#....#####........#......
#............[....#......
#....####...?..........).
#....##...........####...
#.......##.<......# ##.(
#.....###.........# ##.#
#....##...........# ##...


You could see 3 orcs and a quokka.

Vanquished Creatures
  Eustachio (D:4)
  An ice beast (D:3)
  An ogre (D:4)
  2 hounds (D:3)
  An orc priest (D:3)
  A bullfrog skeleton (D:4)
  An iguana (D:3)
  Natasha (thrice) (D:4)
  5 orc wizards
  2 worker ants (D:3)
  3 adders
  An ooze (D:2)
  3 worms
  A dart slug (D:1)
  2 leopard geckos
  18 orcs
  5 giant cockroaches
  4 goblins
  4 hobgoblins
  4 bats
  3 frilled lizards
  8 kobolds
  3 rats
77 creatures vanquished.

Notes
Turn   | Place    | Note
-------+----------+-------------------------------------------
     0 | D:1      | Borgoz the Ghoul Gladiator began the quest for the Orb.
     0 | D:1      | Reached XP level 1. HP: 17/17 MP: 0/0
   367 | D:1      | Reached XP level 2. HP: 24/25 MP: 1/1
   865 | D:2      | Reached skill level 1 in Armour
   865 | D:2      | Reached XP level 3. HP: 28/30 MP: 2/2
  1174 | D:2      | Found a stormy altar of Qazlal.
  1389 | D:2      | Found a white marble altar of Elyvilon.
  1488 | D:3      | Noticed an ice beast
  1507 | D:3      | Killed an ice beast
  1508 | D:3      | Reached skill level 3 in Fighting
  1508 | D:3      | Reached XP level 4. HP: 10/38 MP: 3/3
  1508 | D:3      | Reached XP level 5. HP: 11/45 MP: 4/4
  1753 | D:3      | Found a snail-covered altar of Cheibriados.
  1827 | D:3      | Reached XP level 6. HP: 30/52 MP: 5/5
  2294 | D:3      | Reached skill level 4 in Fighting
  3066 | D:4      | Noticed Natasha
  3291 | D:3      | Reached XP level 7. HP: 48/60 MP: 6/6
  3318 | D:4      | Killed Natasha
  3339 | D:4      | Found a radiant altar of Vehumet.
  3356 | D:4      | Noticed Natasha
  3365 | D:4      | Killed Natasha
  3468 | D:4      | Noticed Natasha
  3478 | D:4      | Killed Natasha
  3715 | D:4      | Noticed Eustachio
  3739 | D:4      | Killed Eustachio
  3740 | D:4      | Reached skill level 5 in Fighting
  3898 | D:4      | HP: 3/61 [orc/+2 mace of holy wrath (5)]
  3898 | D:4      | Slain by an orc

Illustrated notes

Levels and vault maps discovered:
D:1:      onia_arrival_pyramid, layout_basic
D:2:      layout_basic, lemuel_round_altar, lemuel_doored_altar, serial_glass,
          glass_columns_b, glass_columns_a, chequers_decorated_corner
D:3:      layout_basic, cheibriados_altar_1
D:4:      layout_rooms, vehumet_crystals, uniq_natasha, uniq_eustachio

Skill      XL: |  1  2  3  4  5  6  7 |
---------------+----------------------+-----
Maces & Flails | 3 4 |  4.7
Armour         | 1 2 3 |  3.7
Dodging        | 3 4 |  4.7
Fighting       | 3 4 5 |  5.1
Throwing       | |  1.7

Action                   |  1- 3 |  4- 6 |  7- 9 || total
-------------------------+-------+-------+-------++-------
Melee: Flail             |   106 |    75 |    49 ||   230
       Whip              |       |    95 |    42 ||   137
Throw: Throwing net      |     2 |       |     1 ||     3
  Use: Potion            |       |     6 |       ||     6
       Scroll            |       |     8 |       ||     8
 Stab: Held in net/web   |     1 |       |       ||     1
Armor: Leather armour    |    32 |    56 |    13 ||   101
Dodge: Dodged            |    65 |   146 |    83 ||   294
